 Dungeon Crawl Stone Soup version 0.22.0-25-g7663229 (webtiles) character file.

386 corax the Skirmisher (level 6, -4/48 HPs)
             Began as a Mummy Abyssal Knight on Aug 20, 2018.
             Was a Believer of Lugonu.
             Slain by an ice beast (7 damage)
             ... on level 5 of the Dungeon.
             The game lasted 00:06:40 (3536 turns).

corax the Skirmisher (Mummy Abyssal Knight)         Turns: 3536, Time: 00:06:41

Health: -4/48      AC:  4    Str: 18    XL:     6   Next: 48%
Magic:  8/8        EV: 12    Int: 11    God:    Lugonu [**....]
Gold:   278        SH:  0    Dex: 11    Spells: 5/5 levels left

rFire    x . .     SeeInvis .   a - +1 spear
rCold    + . .     Gourm    .   (no shield)
rNeg     + + +     Faith    .   b - +0 leather armour
rPois    ∞         Spirit   .   k - +0 helmet
rElec    .         Reflect  .   (no cloak)
rCorr    .         Harm     .   (no gloves)
MR       .....                  (no boots)
Stlth    +.........             (no amulet)
HPRegen  0.16/turn              (no ring)
MPRegen  0.11/turn              (no ring)

@: no status effects
A: no food or potions, fire vulnerability, cold resistance 1, negative energy
resistance 3, torment resistance, unbreathing
a: Depart the Abyss, Bend Space, Renounce Religion


You were on level 5 of the Dungeon.
You worshipped Lugonu.
Lugonu was pleased with you.
You were not hungry.

You visited 2 branches of the dungeon, and saw 6 of its levels.
You visited the Abyss 1 time.

You collected 278 gold pieces.

Inventory:

Hand Weapons
 a - a +1 spear (weapon)
Missiles
 e - 5 tomahawks of returning (quivered)
 j - 5 exploding tomahawks
Armour
 b - a +0 leather armour (worn)
 k - a +0 helmet (worn)
Scrolls
 c - 6 scrolls of identify {unknown}
 d - 4 scrolls of amnesia {unknown}
 f - 3 scrolls of teleportation {unknown}
 g - 2 scrolls of fog {unknown}
 h - 3 scrolls of magic mapping {unknown}
 i - 4 scrolls of remove curse {unknown}


   Skills:
 + Level 4.1 Fighting
 + Level 2.8 Polearms
 + Level 0.7 Throwing
 + Level 2.8 Armour
 + Level 2.4 Dodging
 + Level 3.0 Invocations


You had 5 spell levels left.
You didn't know any spells.
Your spell library was empty.

Dungeon Overview and Level Annotations

Branches:
Dungeon (5/15)             Temple (1/1) D:4

Altars:
Ashenzari
Fedhas
Gozag
Hepliaklqana
Kikubaaqudgha
Nemelex Xobeh
Ru
Sif Muna
Vehumet
Yredelemnul
Zin


Innate Abilities, Weirdness & Mutations

You do not eat or drink.
Your flesh is vulnerable to fire.
You are immune to poison.
Your flesh is cold resistant. (rC+)
You are immune to negative energy. (rN+++)
You are immune to unholy pain and torment.
You can survive without breathing.


Message History

An ice beast comes into view.
The crimson imp hits you.
* * * LOW HITPOINT WARNING * * *
You closely miss the crimson imp.
The crimson imp is lightly wounded.
The crimson imp completely misses you.
You miss the crimson imp.
The crimson imp hits you but does no damage.
You hit the crimson imp but do no damage.
The ice beast hits you.
* * * LOW HITPOINT WARNING * * *
The ice beast freezes you. You resist.
* * * LOW HITPOINT WARNING * * *
The crimson imp closely misses you.
You hit the crimson imp but do no damage.
You hear the slow hiss of an avalanche of sand nearby.
The ice beast hits you.
* * * LOW HITPOINT WARNING * * *
The ice beast freezes you! You resist.
You die...

#..(.........
###.###<......≈
.............≈≈
####.##.....≈≈#
#. #.##..≈## ..
#.# #.≈# ## #.#
.≈# #5# ≈# #@#
# #.Y.# ....###
#..#.. .)...
#..# #.. ##


You could see an ice beast and a crimson imp.

Vanquished Creatures
  An ogre (D:4)
  Natasha (thrice) (D:3)
  4 worker ants
  2 hound skeletons (D:4)
  A howler monkey skeleton (D:4)
  5 adders
  A worm (D:5)
  A dart slug (D:2)
  A leopard gecko (D:4)
  3 orcs
  5 giant cockroaches
  4 goblins
  10 hobgoblins
  2 jackals (D:4)
  4 kobolds (D:1)
  A ball python (D:2)
  2 bats
  6 frilled lizards
  3 rats
59 creatures vanquished.

Notes
Turn   | Place    | Note
-------+----------+-------------------------------------------
     0 | Abyss:1  | corax the Mummy Abyssal Knight began the quest for the Orb.
     0 | Abyss:1  | Reached XP level 1. HP: 18/18 MP: 2/2
    65 | Abyss:2  | Noticed a small abomination
    67 | Abyss:2  | Noticed a raiju
    67 | Abyss:2  | Noticed a raiju
    68 | Abyss:2  | Noticed a raiju
    69 | D:1      | Escaped the Abyss
   214 | D:1      | Reached skill level 1 in Dodging
   305 | D:1      | Reached XP level 2. HP: 23/24 MP: 3/3
   338 | D:1      | Reached * piety under Lugonu
  1106 | D:2      | Reached XP level 3. HP: 27/29 MP: 4/4
  1627 | D:3      | Noticed Natasha
  1634 | D:3      | Killed Natasha
  1634 | D:3      | Reached XP level 4. HP: 26/35 MP: 5/5
  1713 | D:3      | Noticed Natasha
  1719 | D:3      | Killed Natasha
  1931 | D:3      | Reached ** piety under Lugonu
  1940 | D:3      | Noticed Natasha
  1945 | D:3      | Killed Natasha
  1999 | D:3      | Noticed an orc warrior
  2159 | D:4      | Reached XP level 5. HP: 39/41 MP: 6/6
  2325 | D:4      | Found a sacrificial altar of Ru.
  2373 | D:4      | Found a staircase to the Ecumenical Temple.
  2396 | Temple   | Entered the Ecumenical Temple
  2824 | D:4      | Noticed an ogre
  2839 | D:4      | Killed an ogre
  2839 | D:4      | Reached skill level 4 in Fighting
  2839 | D:4      | Reached XP level 6. HP: 30/48 MP: 8/8
  3484 | D:5      | Entered Level 5 of the Dungeon
  3532 | D:5      | Noticed an ice beast
  3536 | D:5      | Slain by an ice beast

Skill      XL: |  1  2  3  4  5  6 |
---------------+-------------------+-----
Dodging        | 1 2 |  2.4
Invocations    | 2 3 |  3.0
Polearms       | 2 |  2.8
Armour         | 2 |  2.8
Fighting       | 4 |  4.1
Throwing       | |  0.7

Action                   |  1- 3 |  4- 6 || total
-------------------------+-------+-------++-------
Melee: Spear             |   119 |   200 ||   319
Throw: Tomahawk          |       |     1 ||     1
Invok: Depart the Abyss  |     1 |       ||     1
 Stab: Distracted        |       |     1 ||     1
       Sleeping          |       |     1 ||     1
Armor: Leather armour    |    22 |    26 ||    48
Dodge: Dodged            |    47 |   102 ||   149
